 Dungeon Crawl Stone Soup version 0.22-a0-252-gcace5d2 (webtiles) character file.

9 mhoghedin the Sneak (level 2, 4/13 HPs)
             Began as a Spriggan Enchanter on Mar 1, 2018.
             Quit the game on level 1 of the Dungeon.
             The game lasted 00:00:52 (587 turns).

mhoghedin the Sneak (Spriggan Enchanter)             Turns: 587, Time: 00:00:53

Health: 4/13       AC:  2    Str:  4    XL:     2   Next: 3%
Magic:  6/6        EV: 18    Int: 16    God:
Gold:   13         SH:  0    Dex: 16    Spells: 5/6 levels left

rFire    . . .     SeeInvis +   a - +1 dagger
rCold    . . .     Gourm    .   (shield restricted)
rNeg     . . .     Faith    .   b - +0 robe
rPois    .         Spirit   .   (helmet restricted)
rElec    .         Reflect  .   (no cloak)
rCorr    .         Harm     .   (gloves unavailable)
MR       .....                  (boots unavailable)
Stlth    +++.......             (no amulet)
HPRegen  0.04/turn              (no ring)
MPRegen  0.10/turn              (no ring)

@: very quick
A: very small, unfitting armour, see invisible, herbivore, speed 3, slow
metabolism 2
a: no special abilities


You were on level 1 of the Dungeon.
You were not hungry.

You visited 1 branch of the dungeon, and saw 1 of its levels.

You collected 13 gold pieces.

Inventory:

Hand Weapons
 a - a +1 dagger (weapon)
Armour
 b - a +0 robe (worn)
Scrolls
 c - a scroll of enchant weapon {unknown}
 e - a scroll of identify {unknown}
Comestibles
 d - 2 rations


   Skills:
 + Level 1.8 Short Blades
 - Level 3.0 Dodging
 + Level 5.0 Stealth
 - Level 2.6 Spellcasting
 - Level 3.6 Hexes


You had 5 spell levels left.
You knew the following spells:

 Your Spells              Type           Power        Failure   Level  Hunger
v - Corona                Hex            ##.....      4%          1    #......


Dungeon Overview and Level Annotations

Branches:
Dungeon (1/15)

Altars:
The Shining One


Innate Abilities, Weirdness & Mutations

You are very small and have problems with some larger weapons.
You are too small for most types of armour.
You have supernaturally acute eyesight. (SInv)
You are a herbivore.
You cover ground extremely quickly.
You need consume almost no food.


Message History

No target in view!
No target in view!
No target in view!
No target in view!
No target in view!
No target in view!
No target in view!
No target in view!
A kobold comes into view. It is wielding a whip.
A kobold comes into view. It is wielding a short sword.
The kobold shouts! x2
You hit the kobold. The kobold completely misses you.
You closely miss the kobold. The kobold closely misses you.
You hit the kobold.
You kill the kobold!
A kobold comes into view.
You barely miss the kobold.
The kobold shouts!
The kobold hits you with a short sword.
You take 1 damage, and have 6/9 hp.
You closely miss the kobold. The kobold completely misses you.
You barely miss the kobold. The kobold closely misses you.
You hit the kobold but do no damage. The kobold barely misses you.
You hit the kobold.
You kill the kobold!
The kobold throws a stone.
The stone misses you.
Things that are here:
a short sword; a ration The kobold hits you.
You take 2 damage, and have 4/9 hp.
MASSIVE DAMAGE!!
You hit the kobold. The kobold completely misses you.
You barely miss the kobold. You barely miss the kobold. The kobold hits you.
* * * LOW HITPOINT WARNING * * *
You take 2 damage, and have 2/9 hp.
MASSIVE DAMAGE!!
You barely miss the kobold. The kobold barely misses you.
You completely miss the kobold. The kobold hits you but does no damage.
Things that are here:
a short sword; a ration You hit the kobold.
The kobold closely misses you.
You closely miss the kobold. The kobold completely misses you.
You closely miss the kobold. The kobold misses you.
You hit the kobold.
You kill the kobold!
You start resting.
Health restored: 9 Unknown command.
d - 2 rations (gained 1)
You see here a short sword.
You see here a stone.
Things that are here:
a whip; a stone; a kobold skeleton
c - a scroll labeled LITOKE CONEA You now have 13 gold pieces.
You open the door.
Found a glowing golden altar of the Shining One.
Okay, then.
Unknown command.
There is an open door here.
There is an open door here.
e - a scroll labeled COXAOS RIJAESH
Found a stone staircase leading down.
No target in view!
A frilled lizard, a bat and a hobgoblin come into view.
There are monsters nearby!
The frilled lizard hisses angrily.
The bat hits you but does no damage.
You hit the bat. The bat misses you.
You hit the bat but do no damage. The bat barely misses you.
The bat barely misses you.
You hit the frilled lizard.
You kill the frilled lizard!
The bat barely misses you. The bat closely misses you.
You hit the bat but do no damage. The bat hits you.
You take 1 damage, and have 8/9 hp.
You closely miss the bat. The bat hits you but does no damage.
The hobgoblin hits you with a club.
You take 2 damage, and have 6/9 hp.
MASSIVE DAMAGE!!
You hit the bat but do no damage. The bat misses you.
The hobgoblin completely misses you. The bat completely misses you.
You see here a frilled lizard corpse.
You hit the hobgoblin. The bat completely misses you. The hobgoblin misses you.
You hit the hobgoblin but do no damage. The bat hits you but does no damage.
The hobgoblin completely misses you.
You hit the hobgoblin. The bat hits you but does no damage.
The hobgoblin hits you with a club.
* * * LOW HITPOINT WARNING * * *
You take 4 damage, and have 2/9 hp.
MASSIVE DAMAGE!!
You hit the hobgoblin.
You kill the hobgoblin!
Your Stealth skill increases to level 5!
You have reached level 2!
You regained 2 hp, and now have 4/13 hp.
MP restored: 6

####...##......>#
#...##.......#
#...##.......#
#....#.......# #
####'####....###..#
#♣...♣##.........#
#.....##.##.###.##.#
#♣...♣##.##........#
#.....##...b@)?....#
###_####...........#
### #####.......#
#.......# #.......#
#$......# ####.####
.#


You could see a bat.

Vanquished Creatures
  2 hobgoblins (D:1)
  3 frilled lizards (D:1)
  4 kobolds (D:1)
  A rat (D:1)
10 creatures vanquished.

Notes
Turn   | Place    | Note
-------+----------+-------------------------------------------
     0 | D:1      | mhoghedin the Spriggan Enchanter began the quest for the Orb.
     0 | D:1      | Reached XP level 1. HP: 9/9 MP: 5/5
   288 | D:1      | HP: 2/9 [kobold (2)]
   525 | D:1      | Found a glowing golden altar of the Shining One.
   585 | D:1      | HP: 2/9 [hobgoblin/club (4)]
   586 | D:1      | Reached skill level 5 in Stealth
   586 | D:1      | Reached XP level 2. HP: 4/13 MP: 6/6
   587 | D:1      | Quit the game

Vault maps used:
D:1:      ncdulo_halloftheorcs, tso_altar

Skill      XL: |  1 |
---------------+----+-----
Stealth        | 5 |  5.0
Short Blades   | |  1.8
Dodging        | |  3.0
Spellcasting   | |  2.6
Hexes          | |  3.6

Action                   || total
-------------------------++-------
Melee: Dagger            ||    46
 Stab: Sleeping          ||     1
Armor: Robe              ||     6
Dodge: Dodged            ||    31

Table legend:
 A = Spawn XP
 B = Non-spawn XP
 C = Spawn XP percentage of total XP
 D = Spawn monster count
 E = Non-spawn monster count
 F = Spawn count percentage of total count
 G = Total turns spent on level
                    A         B        C        D         E        F      G
               +---------+---------+-------+---------+---------+-------+---------
         Total |       0 |      13 |   0.0 |       0 |      10 |   0.0 |   587
               +---------+---------+-------+---------+---------+-------+---------
           D:1 |       0 |      13 |   0.0 |       0 |      10 |   0.0 |   587
               +---------+---------+-------+---------+---------+-------+---------

Vault maps used:
D:1:      ncdulo_halloftheorcs, tso_altar

Table legend:
 A = Turns spent in this place as a percentage of turns spent in the entire game.
 B = Non-inter-level travel turns spent in this place as a percentage of non-inter-level travel turns spent in the entire game.
 C = Inter-level travel turns spent in this place as a percentage of turns spent in this place.
 D = Turns resting spent in this place as a percentage of non-inter-level travel turns spent in this place.
 E = Turns spent auto-exploring this place as a percentage of non-inter-level travel turns spent in this place.
 F = Non-inter-level travel turns spent in this place divided by the number of levels of this place that you've seen.
                   A       B       C       D       E      F
               +-------+-------+-------+-------+-------+----------------------
         Total | 100.0 | 100.0 |   0.0 |  66.6 |  18.4 | 587.0
       Dungeon | 100.0 | 100.0 |   0.0 |  66.6 |  18.4 | 587.0
               +-------+-------+-------+-------+-------+----------------------

Table legend:
 A = Kills in this place as a percentage of kills in entire the game.
 B = Kills by you in this place as a percentage of kills by you in the entire game.
 C = Kills by friends in this place as a percentage of kills by friends in the entire game.
 D = Other kills in this place as a percentage of other kills in the entire game.
 E = Experience gained in this place as a percentage of experience gained in the entire game.
 F = Experience gained in this place divided by the number of levels of this place that you have seen.
                   A       B       C       D       E      F
               +-------+-------+-------+-------+-------+----------------------
         Total | 100.0 | 100.0 |   N/A |   N/A | 100.0 |  13.0
       Dungeon | 100.0 | 100.0 |   N/A |   N/A | 100.0 |  13.0
               +-------+-------+-------+-------+-------+----------------------
